 Dungeon Crawl Stone Soup version 0.30-a0-738-g116ff8c4af (webtiles) character file.

Game seed: 10061679521259291350

203 avis the Shooter (level 5, 0/45 HPs)
             Began as a Demigod Hunter on Feb 4, 2023.
             Slain by a sky beast (5 damage)
             ... on level 4 of the Dungeon.
             The game lasted 00:19:54 (4071 turns).

avis the Shooter (Demigod Hunter)                   Turns: 4071, Time: 00:19:54

Health: 0/45       AC:  9    Str: 12    XL:     5   Next: 26%
Magic:  4/7        EV: 12    Int: 11    God:
Gold:   36         SH:  0    Dex: 25    Spells: 4/4 levels left

rFire   . . .      SeeInvis +    w - +7 dagger of the Lost Yaks {drain, Fragile rN+ Dex+4}
rCold   . . .      Faith    .    (no shield)
rNeg    + . .      Spirit   .    c - +0 leather armour
rPois   .          Reflect  .    q - +0 helmet
rElec   .          Harm     .    u - +0 cloak
rCorr   .          Rampage  .    A - +2 pair of gloves
Will    .....                    E - +0 pair of boots
Stlth   ++                       m - amulet of magic regeneration
HPRegen 0.27/turn                C - ring of see invisible
MPRegen 0.50/turn                y - ring of flight

@: flying
A: high MP 1, forlorn, divine attributes
a: no special abilities


You were on level 4 of the Dungeon.
You visited 1 branch of the dungeon, and saw 4 of its levels.

You collected 134 gold pieces.
You spent 98 gold pieces at shops.

Inventory:

Hand Weapons
 a - a +1 antimagic short sword
 b - a +0 shortbow
 w - the +7 dagger of the Lost Yaks (weapon) {drain, Fragile rN+ Dex+4}
   (You found it on level 3 of the Dungeon)

   Dex:       It affects your dexterity (+4).
   rN:        It protects you from negative energy.
   Fragile:   It will be destroyed if unequipped.
Missiles
 f - 2 boomerangs
 o - 7 poisoned darts
Armour
 c - a +0 leather armour (worn)
 q - a +0 helmet (worn)
 u - a +0 cloak (worn)
 A - a +2 pair of gloves (worn)
 E - a +0 pair of boots (worn)
Magical Staves
 z - a staff of cold
Jewellery
 m - an amulet of magic regeneration (around neck)
 t - a ring of resist corrosion
 y - a ring of flight (right hand)
 C - a ring of see invisible (left hand)
Scrolls
 g - a scroll of fear
 j - a scroll of poison {unknown}
 k - a scroll of torment
 l - a scroll of blinking
 n - 2 scrolls of immolation
 p - 2 scrolls of enchant weapon {unknown}
 s - a scroll of amnesia
 x - a scroll of magic mapping
 D - a scroll of enchant armour {unknown}
Potions
 d - 2 potions of lignification
 e - a potion of berserk rage
 h - 2 potions of brilliance
 i - a potion of degeneration
 r - a potion of mutation
 v - 2 potions of heal wounds
 B - a potion of haste {unknown}


   Skills:
 - Level 3.0 Fighting
 * Level 5.6 Ranged Weapons
 - Level 2.0 Dodging
 - Level 1.0 Stealth


You had 4 spell levels left.
You didn't know any spells.
Your spell library contained the following spells:

 Spells                   Type           Power      Damage    Failure   Level
 Magic Dart               Conj           0%         1d3       41%         1
 Call Imp                 Summ           0%         N/A       56%         2
 Mephitic Cloud           Conj/Pois/Air  0%         N/A       80%         3
 Freezing Cloud           Conj/Ice/Air   0%         6-21      100%        5
 Simulacrum               Ice/Necr       0%         N/A       100%        6
 Polar Vortex             Ice            0%         N/A       100%        9


Dungeon Overview and Level Annotations

Branches:
Dungeon (4/15)
 Temple: D:4-7

Shops:
D:1 [   D:3 ***


Innate Abilities, Weirdness & Mutations

You have an increased reservoir of magic. (+10% MP)
You shall have no god before yourself.
Your divine heritage dramatically boosts your attributes as you level up.


Message History

The sky beast flickers out of sight for a moment.
The sky beast hits you but does no damage.
You miss the sky beast.
The sky beast is moderately wounded.
The sky beast hits you but does no damage.
You hit the sky beast but do no damage.
The sky beast is moderately wounded.
The sky beast flickers out of sight for a moment.
The sky beast barely misses you.
You closely miss the sky beast.
The sky beast is moderately wounded.
The sky beast hits you but does no damage.
You closely miss the sky beast.
The sky beast is moderately wounded.
The sky beast hits you. The sky beast shocks you.
Really wield
w - the +7 dagger of the Lost Yaks {drain, Fragile rN+ Dex+4}?
You feel magic returning to you.
You feel agile.
You sense an unholy aura.
w - the +7 dagger of the Lost Yaks (weapon)
{drain, Fragile rN+ Dex+4} The sky beast closely misses you.
You miss the sky beast.
The sky beast is moderately wounded.
The sky beast hits you but does no damage.
You puncture the sky beast!
The sky beast is heavily wounded.
The sky beast hits you. The sky beast shocks you.
You closely miss the sky beast.
The sky beast is heavily wounded.
The sky beast barely misses you.
You miss the sky beast.
The sky beast is heavily wounded.
The sky beast hits you. The sky beast shocks you.
* * * LOW HITPOINT WARNING * * *
You hit the sky beast.
The sky beast is heavily wounded.
The sky beast hits you.
* * * LOW HITPOINT WARNING * * *
The sky beast shocks you.
You die...

# #. #......## #.
####...# .. ##### .. .
... #. #.# W# ## l# ###
##.. ###### #.###..#
##@Y..# #...#.#
#.####.... ##....## ..
#.# ##########...# #.
.###.# #..)....####.#
#.....#.####..#.88.#.##..
#...#.##....###.88.#.###.
#...#..########....#.# ##
.......##....#'####.#
#....#.........##.#


You could see a sky beast (invisible), a phantom and an iguana.

Vanquished Creatures
  A scorpion (D:4)
  7 adders
  4 worms
  4 dart slugs
  6 orcs
  7 endoplasms
  A giant cockroach (D:2)
  3 goblins
  4 hobgoblins
  3 jackals (D:2)
  3 quokkas
  2 ball pythons (D:3)
  5 bats
  3 frilled lizards
  A kobold (D:1)
  8 rats
62 creatures vanquished.

Vanquished Creatures (others)
  4 demonic plants (D:2)
  A fungus (D:2)
  2 plants (D:2)
  3 withered plants (D:2)
10 creatures vanquished.

Grand Total: 72 creatures vanquished

Notes
Turn   | Place    | Note
-------+----------+-------------------------------------------
     0 | D:1      | avis the Demigod Hunter began the quest for the Orb.
     0 | D:1      | Reached XP level 1. HP: 17/17 MP: 3/3
   128 | D:1      | Found Veto's Armour Boutique.
   796 | D:1      | Reached skill level 4 in Ranged Weapons
   834 | D:1      | Reached XP level 2. HP: 24/24 MP: 4/4
  1167 | D:2      | Reached skill level 1 in Stealth
  1471 | D:2      | Reached XP level 3. HP: 30/30 MP: 5/5
  2212 | D:2      | Reached XP level 4. HP: 18/38 MP: 6/6
  2896 | D:3      | Found Oleygg's General Store.
  2946 | D:3      | Bought a potion of heal wounds for 70 gold pieces
  2946 | D:3      | Bought a scroll of identify for 28 gold pieces
  3149 | D:3      | Identified the +7 dagger of the Lost Yaks {drain, Fragile
                  | rN+ Dex+4}
  3204 | D:3      | Found Gangou's General Store.
  3263 | D:3      | Reached skill level 5 in Ranged Weapons
  3675 | D:3      | Found Zinnack's General Store.
  4029 | D:4      | Reached XP level 5. HP: 45/45 MP: 7/7
  4044 | D:4      | Noticed a sky beast
  4071 | D:4      | Slain by a sky beast

Illustrated notes

Levels and vault maps discovered:
D:1:      amcnicky_arrival_feature_with_door, layout_loops_corners,
          serial_shops, nicolae_shop_temple_entry_statues_fountains,
          serial_co_window_serial, co_window_corner_a, co_window_paths_a,
          co_window_paths_a, co_window_of_opportunity_a, co_window_corner_a,
          co_window_paths_b, co_window_corner_a, co_window_paths_c,
          co_window_broadway_a, co_window_corner_b, co_window_corner_b,
          co_window_4corner_b, glass_columns_c, glass_columns_a,
          minmay_liquid_box, dreamdust_princess_bridge, minmay_misc_feat_tiny,
          minivault_19
D:2:      minmay_chambers_of_ones, layout_loops_ring, serial_rivers,
          chequers_serial_rivers_micro_b, chequers_serial_rivers_marsh,
          chequers_serial_rivers_small_b, chequers_serial_rivers_micro_b,
          chequers_serial_rivers_micro_d, chequers_serial_rivers_room_b,
          shapermc_ecumenical_altar_gd, minmay_misc_feat_roman,
          grunt_ministairs_10, serial_bayou_pond_d, hangedman_decor_opposing
D:3:      layout_loops_corners, chequers_temple_overflow_statue_of_worship,
          serial_shops, shop, nicolae_shop_waterfront,
          nicolae_shop_behind_doors, wad_floor_pattern_untrapped
D:4:      minmay_chambers_of_fours, layout_rooms, minmay_temple_entry_trees,
          minmay_door_square

Skill      XL: |  1  2  3  4 |
---------------+-------------+-----
Fighting       | 2 3 |  3.0
Ranged Weapons | 4 5 |  5.6
Dodging        | 2 |  2.0
Stealth        | 1 |  1.0

Action                     |  1- 3 |  4- 6 || total
---------------------------+-------+-------++-------
  Melee: Short sword       |       |    15 ||    15
         Dagger            |       |     5 ||     5
   Fire: Shortbow          |   124 |    78 ||   202
    Use: Scroll            |       |    10 ||    10
 Armour: Leather armour    |    35 |    14 ||    49
  Dodge: Dodged            |    49 |    20 ||    69

Table legend: (Time is in decaauts)
 A = Elapsed time spent in this place.
 B = Non-inter-level travel time spent in this place.
 C = Inter-level travel time spent in this place.
 D = Time resting spent in this place.
 E = Time spent auto-exploring this place.
 F = Levels seen in this place.
 G = Mean time per level.
                   A        B        C        D        E       F      G
               +--------+--------+--------+--------+--------+-----+--------+
         Total |   4151 |   3813 |    338 |    372 |   2558 |   4 | 1037.8 |
       Dungeon |   4151 |   3813 |    338 |    372 |   2558 |   4 | 1037.8 |
               +--------+--------+--------+--------+--------+-----+--------+

Top non-repeatable levels by time:
     D:1: 1536 daAuts
     D:2: 1401 daAuts
     D:3: 986 daAuts
     D:4: 227 daAuts
